 Dungeon Crawl Stone Soup version 0.29-a0-1008-g949cc1d0fb (webtiles) character file.

Game seed: 14623494120423778793

20 gelatine the Firebug (level 2, -6/19 HPs)
             Began as a Demonspawn Fire Elementalist on Aug 8, 2022.
             Mangled by a worm (9 damage)
             ... on level 2 of the Dungeon.
             The game lasted 00:02:45 (1553 turns).

gelatine the Firebug (Demonspawn Fire Elementalist) Turns: 1553, Time: 00:02:48

Health: -6/19      AC:  6    Str:  8    XL:     2   Next: 58%
Magic:  3/5        EV: 12    Int: 16    God:
Gold:   64         SH:  0    Dex: 13    Spells: 4/5 levels left

rFire   . . .      SeeInvis .   d - +0 short sword
rCold   . . .      Faith    .   (no shield)
rNeg    . . .      Spirit   .   a - +0 robe
rPois   .          Reflect  .   (no helmet)
rElec   .          Harm     .   (no cloak)
rCorr   .          Rampage  .   (no gloves)
Will    .....                   i - +1 pair of boots
Stlth   ++........              (no amulet)
HPRegen 0.06/turn               (no ring)
MPRegen 0.09/turn               (no ring)

@: no status effects
A: thin metallic scales 1
a: no special abilities


You were on level 2 of the Dungeon.
You visited 1 branch of the dungeon, and saw 2 of its levels.

You collected 64 gold pieces.

Inventory:

Hand Weapons
 d - a +0 short sword (weapon)
Armour
 a - a +0 robe (worn)
 i - a +1 pair of boots (worn)
Scrolls
 f - 2 scrolls of vulnerability {unknown}
Potions
 c - a potion of attraction {unknown}
 e - 3 potions of flight {unknown}
 g - a potion of lignification {unknown}
 h - a potion of might {unknown}


   Skills:
 + Level 1.9 Dodging
 + Level 1.8 Stealth
 + Level 2.3 Spellcasting
 + Level 1.0 Conjurations
 + Level 3.2 Fire Magic


You had 4 spell levels left.
You knew the following spells:

 Your Spells              Type           Power      Damage    Failure   Level
a - Foxfire               Conj/Fire      32%        2x1d5     9%          1

Your spell library contained the following spells:

 Spells                   Type           Power      Damage    Failure   Level
 Scorch                   Fire           24%        2d6       9%          2
 Magic Dart               Conj           20%        1d4       13%         1
 Conjure Flame            Conj/Fire      8%         6-21      26%         3
 Call Imp                 Summ           1%         N/A       30%         2
 Inner Flame              Hex/Fire       7%         N/A       30%         3
 Mephitic Cloud           Conj/Pois/Air  2%         N/A       45%         3
 Ozocubu's Armour         Ice            1%         N/A       52%         3
 Flame Wave               Conj/Fire      8%         2d5       63%         4
 Metabolic Englaciation   Hex/Ice        0%         N/A       99%         5
 Simulacrum               Ice/Necr       0%         N/A       100%        6


Dungeon Overview and Level Annotations

Branches:
Dungeon (2/15)

Altars:


Innate Abilities, Weirdness & Mutations

You are partially covered in thin metallic scales. (AC +2)


Message History

The giant cockroach is severely wounded.
The giant cockroach bites you. The worm bites you but does no damage.
You barely miss the giant cockroach.
The giant cockroach is severely wounded.
The giant cockroach bites you but does no damage.
The worm bites you!
* * * LOW HITPOINT WARNING * * *
The giant cockroach attacks as you move away!
The giant cockroach closely misses you.
The giant cockroach bites you but does no damage.
You are too injured to fight recklessly!
Casting: Foxfire (safe; 9% risk of failure)
Confirm with . or Enter, or press ? or * to list all spells.
You conjure some foxfire!
The giant cockroach misses you.
Unknown command.
The foxfire hits the giant cockroach but does no damage.
The giant cockroach is heavily wounded.
The foxfire hits the giant cockroach but does no damage.
The giant cockroach is heavily wounded.
Magic courses through your body.
The giant cockroach bites you but does no damage.
The giant cockroach barely misses you.
Casting: Foxfire (safe; 9% risk of failure)
Confirm with . or Enter, or press ? or * to list all spells.
You conjure some foxfire!
The giant cockroach barely misses you. The worm bites you but does no damage.
The foxfire hits the giant cockroach.
The giant cockroach is severely wounded.
The foxfire hits the worm.
The worm is moderately wounded.
Casting: Foxfire (safe; 9% risk of failure)
Confirm with . or Enter, or press ? or * to list all spells.
You conjure some foxfire!
The giant cockroach barely misses you.
The foxfire hits the worm.
The worm is moderately wounded.
The foxfire hits the worm.
The worm is moderately wounded.
The giant cockroach bites you but does no damage.
The worm bites you!
You die...

###########
#§§.......#
#.@....?..#
#Bw.......###
#............
#.........#
#.........#
#####...#####..
########
##........#
#......#
#..†...#.
#......#
###.........


You could see a worm and a giant cockroach.

Vanquished Creatures
  2 bats (D:2)
  5 endoplasms
  A giant cockroach (D:1)
  2 goblins (D:1)
  A hobgoblin (D:1)
  A quokka (D:1)
  2 frilled lizards (D:1)
  2 kobolds
  A rat (D:1)
17 creatures vanquished.

Vanquished Creatures (others)
  75 foxfires
75 creatures vanquished.

Grand Total: 92 creatures vanquished

Notes
Turn   | Place    | Note
-------+----------+-------------------------------------------
     0 | D:1      | gelatine the Demonspawn Fire Elementalist began the quest
                  | for the Orb.
     0 | D:1      | Reached XP level 1. HP: 13/13 MP: 3/3
   535 | D:1      | Reached skill level 3 in Fire Magic
   620 | D:1      | Gained mutation: You are partially covered in thin metallic
                  | scales. (AC +2) [demonic ancestry]
   620 | D:1      | Reached XP level 2. HP: 19/19 MP: 0/5
   952 | D:1      | Found a faded altar of an unknown god.
  1553 | D:2      | Mangled by a worm

Illustrated notes

Levels and vault maps discovered:
D:1:      eino_arrival_cavern_c, layout_loops_cross,
          shapermc_ecumenical_altar_totnotflames
D:2:      layout_rooms, eino_tiny_chamber, chequers_serial_rivers_micro_b,
          hangedman_decor_growths, minmay_goblin_outpost

Skill      XL: |  1 |
---------------+----+-----
Fire Magic     | 3 |  3.2
Dodging        | |  1.9
Stealth        | |  1.8
Spellcasting   | |  2.3
Conjurations   | |  1.0

Action                   || total
-------------------------++-------
Melee: Short sword       ||    24
       Unarmed           ||     1
 Cast: Foxfire           ||    53
  Use: Potion            ||     1
Armor: Robe              ||    19
Dodge: Dodged            ||    31

Table legend: (Time is in decaauts)
 A = Elapsed time spent in this place.
 B = Non-inter-level travel time spent in this place.
 C = Inter-level travel time spent in this place.
 D = Time resting spent in this place.
 E = Time spent auto-exploring this place.
 F = Levels seen in this place.
 G = Mean time per level.
                   A        B        C        D        E       F      G
               +--------+--------+--------+--------+--------+-----+--------+
         Total |   1554 |   1525 |     29 |      0 |   1322 |   2 |  777.0 |
       Dungeon |   1554 |   1525 |     29 |      0 |   1322 |   2 |  777.0 |
               +--------+--------+--------+--------+--------+-----+--------+

Top non-repeatable levels by time:
     D:1: 1456 daAuts
     D:2: 98 daAuts
